 Dungeon Crawl Stone Soup version 0.31.0-11-ge490571c62 (webtiles) character file.

Game seed: 11645562375538834195

2600427 bakla the Sage (level 27, 172/345 HPs)
             Began as an Oni Summoner on Jan 26, 2024.
             Was a High Priest of Sif Muna.
             Escaped with the Orb
             ... and 5 runes
             ... and 1 gem on Jan 27, 2024!
             The game lasted 04:53:28 (101737 turns).

bakla the Sage (Oni Summoner)                     Turns: 101737, Time: 04:53:29

Health: 172/345    AC: 12    Str: 18 (20) XL:     27
Magic:  9/47       EV: 14    Int: 22 (26) God:    Sif Muna [*****.]
Gold:   4523       SH: 15    Dex: 12 (13) Spells: 4/66 levels left

rFire   + + .        Y - staff of Anxiety {rElec Tloc Air}
rCold   + + +        o - +2 shield of Resistance {rF++ rC++ Will++}
rNeg    + + .        P - +3 troll leather armour
rPois   +            H - +2 hat
rElec   +            f - +0 cloak {rPois}
rCorr   .            (gloves unavailable)
SInv    +            (boots unavailable)
Will    +++++        N - amulet of faith
Stlth   +            j - ring of the Lion {rC+ rN++ Dex+6 Slay+3 Stlth+}
HPRegen 1.57/turn    V - ring "Oclub" {Wiz ^Drain Will+ SInv}
MPRegen 0.30/turn

%: faith, wizardry (x1)
@: studying 2 skills
A: large, unfitting armour, horns 1, tough skin 1, double potion healing,
drunken brawling, clumsy 1, robust 1, MP-powered wands
0: Orb of Zot
}: 5/15 runes: serpentine, barnacled, slimy, silver, abyssal
a: Renounce Religion, Channel Magic, Forget Spell, Divine Exegesis


You escaped.
You worshipped Sif Muna.
Sif Muna was extremely pleased with you.
You visited 12 branches of the dungeon, and saw 56 of its levels.
You visited the Abyss 1 time.
You visited 1 ziggurat, and saw 5 of its levels.
You also visited: Trove, Bailey, Gauntlet, Volcano and Wizlab.

You collected 10429 gold pieces.
You spent 5906 gold pieces at shops.

Inventory:

Missiles
 F - 2 curare-tipped darts
Armour
 b - a +1 cloak of preservation
 f - a +0 cloak of poison resistance (worn)
 o - the +2 shield of Resistance (worn) {rF++ rC++ Will++}
   (You bought it in a shop on level 2 of the Orcish Mines)

   rF++:      It greatly protects you from fire.
   rC++:      It greatly protects you from cold.
   Will++:    It greatly increases your willpower.
 H - a +2 hat (worn)
 P - a +3 troll leather armour (worn)
Magical Staves
 Y - the staff of Anxiety (weapon) {rElec Tloc Air}
   (You found it on level 13 of the Dungeon)

   [staff of air]

   Base accuracy: +5 Base damage: 5 Base attack delay: 1.2 This weapon's minimum
   attack delay (0.6) is reached at skill level 12.
   rElec:     It insulates you from electricity.
   Tloc:      It increases the power of your Translocations spells.
   Air:       It increases the power of your Air spells.
   It falls into the 'Staves' category.
   It is a one-handed weapon.
Jewellery
 j - the ring of the Lion (left hand) {rC+ rN++ Dex+6 Slay+3 Stlth+}
   (You found it on level 5 of the Pits of Slime)

   [ring of dexterity]

   Dex+6:     It affects your dexterity (+6).
   Slay+3:    It affects your accuracy & damage with ranged weapons and melee
   (+3).
   rC+:       It protects you from cold.
   rN++:      It greatly protects you from negative energy.
   Stlth+:    It makes you more stealthy.
 r - the amulet "Jeap Wio" {rN+ Regen+ Int+6}
   (You found it on level 3 of the Crypt)

   [amulet of regeneration]

   Int+6:     It affects your intelligence (+6).
   rN+:       It protects you from negative energy.
   Regen+:    It increases your rate of health regeneration.
 y - the ring of the Tortoise {AC+8}
   (You took it off a deep elf knight on level 3 of the Elven Halls)

   [ring of protection]

   AC+8:      It affects your AC (+8).
 K - the ring "Caryfaly" {+Blink rF+ AC+4 Int+2}
   (You found it on level 4 of the Realm of Zot)

   [ring of protection]

   AC+4:      It affects your AC (+4).
   Int+2:     It affects your intelligence (+2).
   rF+:       It protects you from fire.
   +Blink:    It lets you blink.
 N - an amulet of faith (around neck)
 U - the amulet of the Sun {Reflect rF++ Str-5 Slay+2 SH+5}
   (You found it in a Gauntlet)

   [amulet of reflection]

   Reflect:   It reflects blocked missile attacks.
   Str-5:     It affects your strength (-5).
   Slay+2:    It affects your accuracy & damage with ranged weapons and melee
   (+2).
   rF++:      It greatly protects you from fire.
   SH+5:      It affects your SH (+5).
 V - the ring "Oclub" (right hand) {Wiz ^Drain Will+ SInv}
   (You took it off a minotaur in a Gauntlet)

   [ring of wizardry]

   Wiz:       It improves your spell success rate.
   Will+:     It increases your willpower.
   SInv:      It lets you see invisible.
   ^Drain:    It drains your maximum health when unequipped.
 W - the ring "Nec Cimass" {rPois rF+ Dex+6}
   (You acquired it on level 4 of the Realm of Zot)

   [ring of dexterity]

   Dex+6:     It affects your dexterity (+6).
   rF+:       It protects you from fire.
   rPois:     It protects you from poison
 X - the ring of Zoaczer {Will+ rCorr}
   (You took it off a deep elf annihilator on level 3 of the Elven Halls)

   [ring of resist corrosion]

   Will+:     It increases your willpower.
   rCorr:     It protects you from acid and corrosion.
Wands
 a - a wand of charming (49)
 c - a wand of digging (31)
 u - a wand of iceblast (76)
 x - a wand of flame (167)
 G - a wand of mindburst (18)
Scrolls
 e - 11 scrolls of vulnerability
 g - 5 scrolls of torment
 h - 6 scrolls of amnesia
 l - 7 scrolls of noise
 m - 22 scrolls of teleportation
 n - 9 scrolls of fog
 v - 4 scrolls of blinking
 w - 35 scrolls of identify
 B - 5 scrolls of revelation
 C - 9 scrolls of fear
 I - 2 scrolls of silence
 R - 2 scrolls of immolation
 S - 2 scrolls of poison
Potions
 d - 3 potions of curing
 i - 11 potions of might
 k - 10 potions of enlightenment
 q - 8 potions of haste
 s - 2 potions of resistance
 z - 5 potions of cancellation
 A - 12 potions of mutation
 D - 3 potions of invisibility
 L - 6 potions of brilliance
 M - 8 potions of attraction
 O - 8 potions of lignification
Miscellaneous
 p - a phantom mirror (inert)
 t - a phial of floods (inert)
 J - a tin of tremorstones (2/2)
 Q - a box of beasts (inert)
 Z - a lightning rod (inert)


   Skills:
 + Level 25.4 Fighting
 - Level 10.0 Polearms
 + Level 15.0 Armour
 + Level 15.0 Dodging
 - Level 1.4 Stealth
 - Level 15.0 Shields
 - Level 20.0 Spellcasting
 - Level 10.0 Conjurations
 - Level 24.0 Summonings
 - Level 8.0 Translocations
 - Level 3.0 Fire Magic
 - Level 4.0 Air Magic
 - Level 5.0 Earth Magic
 O Level 27 Invocations
 - Level 10.0 Evocations


You had 4 spell levels left.
You knew the following spells:

 Your Spells              Type           Power      Damage    Failure   Level
a - Summon Forest         Summ/Tloc      47%        N/A       1%          5
b - Martyr's Knell        Necr/Summ      65%        N/A       1%          4
c - Dragon's Call         Summ           45%        N/A       9%          9
d - Summon Lightning Spi  Summ/Air       90%        N/A       1%          4
e - Bombard               Conj/Erth      26%        9d5       12%         6
f - Blink                 Tloc           100%       N/A       1%          2
g - Summon Cactus Giant   Summ           45%        N/A       1%          6
h - Summon Hydra          Summ           45%        N/A       1%          7
i - Spellforged Servitor  Conj/Summ      38%        N/A       1%          7
j - Malign Gateway        Summ/Tloc      47%        N/A       1%          7
k - Summon Mana Viper     Hex/Summ       65%        N/A       1%          5

Your spell library contained the following spells:

 Spells                   Type           Power      Damage    Failure   Level
 Summon Small Mammal      Summ           100%       N/A       0%          1
 Call Imp                 Summ           100%       N/A       0%          2
 Call Canine Familiar     Summ           91%        N/A       0%          3
 Apportation              Tloc           100%       N/A       1%          1
 Foxfire                  Conj/Fire      100%       2x1d9     1%          1
 Freeze                   Ice            88%        1d9       1%          1
 Kiss of Death            Conj/Necr      100%       2d13      1%          1
 Magic Dart               Conj           100%       1d8       1%          1
 Necrotise                Necr           88%        1d8       1%          1
 Sandblast                Erth           88%        2d18      1%          1
 Shock                    Conj/Air       100%       1d9       1%          1
 Slow                     Hex            88%        N/A       1%          1
 Sting                    Conj/Alch      100%       1d9       1%          1
 Cigotuvi's Dreadful Rot  Necr/Alch/Air  82%        N/A       1%          2
 Lesser Beckoning         Tloc           100%       N/A       1%          2
 Mercury Vapours          Alch/Air       92%        N/A       1%          2
 Momentum Strike          Conj/Tloc      100%       3d10      1%          2
 Scorch                   Fire           70%        2d7       1%          2
 Searing Ray              Conj           100%       2d8       1%          2
 Static Discharge         Conj/Air       100%       3-8/arc   1%          2
 Dazzling Flash           Conj/Hex       88%        N/A       1%          3
 Gell's Gravitas          Tloc           72%        N/A       1%          3
 Hailstorm                Conj/Ice       44%        3d9       1%          3
 Mephitic Cloud           Conj/Alch/Air  59%        N/A       1%          3
 Passwall                 Erth           44%        N/A       1%          3
 Stone Arrow              Conj/Erth      100%       3d13      1%          3
 Summon Ice Beast         Ice/Summ       65%        N/A       1%          3
 Swiftness                Air            56%        N/A       1%          3
 Teleport Other           Tloc           72%        N/A       1%          3
 Volatile Blastmotes      Fire/Tloc      100%       2d18      1%          3
 Animate Armour           Summ/Erth      100%       N/A       1%          4
 Brom's Barrelling Bould  Conj/Erth      53%        2d7       1%          4
 Flame Wave               Conj/Fire      50%        2d12      1%          4
 Fulminant Prism          Conj/Alch      22%        3d12      1%          4
 Iskenderun's Mystic Bla  Conj/Tloc      75%        2d15      1%          4
 Manifold Assault         Tloc           72%        N/A       1%          4
 Passage of Golubria      Tloc           72%        N/A       1%          4
 Summon Blazeheart Golem  Fire/Summ      69%        N/A       1%          4
 Vhi's Electric Charge    Tloc/Air       100%       N/A       1%          4
 Ensorcelled Hibernation  Hex/Ice        44%        N/A       2%          2
 Jinxbite                 Hex            44%        N/A       2%          2
 Sublimation of Blood     Necr           22%        N/A       2%          2
 Inner Flame              Hex/Fire       28%        N/A       2%          3
 Airstrike                Air            28%        2d(4-20)  3%          4
 Dimensional Bullseye     Hex/Tloc       28%        N/A       3%          4
 Confusing Touch          Hex            22%        N/A       4%          3
 Frozen Ramparts          Ice            44%        1d7       4%          3
 Fugue of the Fallen      Necr           22%        N/A       4%          3
 Ozocubu's Armour         Ice            22%        N/A       4%          3
 Sigil of Binding         Hex            22%        N/A       4%          3
 Tukima's Dance           Hex            22%        N/A       4%          3
 Vampiric Draining        Necr           22%        2d7       4%          3
 Leda's Liquefaction      Alch/Erth      16%        N/A       6%          4
 Petrify                  Alch/Erth      33%        N/A       6%          4
 Ignite Poison            Fire/Alch      28%        N/A       9%          4
 Sticky Flame             Fire/Alch      28%        2d7       9%          4
 Anguish                  Hex/Necr       11%        N/A       16%         4
 Animate Dead             Necr           22%        N/A       16%         4
 Cause Fear               Hex            11%        N/A       16%         4
 Dispel Undead            Necr           22%        3d12      16%         4
 Olgreb's Toxic Radiance  Alch           22%        N/A       16%         4
 Iskenderun's Battlesphe  Conj           60%        2d11      1%          5
 Monstrous Menagerie      Summ           45%        N/A       1%          7
 Summon Horrible Things   Summ           45%        N/A       1%          8
 Arcjolt                  Conj/Air       34%        1d44      2%          5
 Fireball                 Conj/Fire      25%        3d11      3%          5
 Irradiate                Conj/Alch      22%        3d19      6%          5
 Lee's Rapid Deconstruct  Erth           22%        3d12*     6%          5
 Freezing Cloud           Conj/Ice/Air   29%        6-21      7%          5
 Dispersal                Tloc           36%        N/A       9%          6
 Haunt                    Necr/Summ      32%        N/A       10%         7
 Conjure Ball Lightning   Conj/Air       34%        3x3d11    14%         6
 Borgnjor's Vile Clutch   Necr/Erth      16%        N/A       16%         5
 Starburst                Conj/Fire      25%        6d8       16%         6
 Silence                  Hex/Air        23%        N/A       19%         5
 Orb of Destruction       Conj           30%        9d10      22%         7
 Alistair's Intoxication  Alch           14%        N/A       38%         5
 Curse of Agony           Necr           22%        N/A       38%         5
 Metabolic Englaciation   Hex/Ice        11%        N/A       38%         5
 Yara's Violent Unravell  Hex/Alch       11%        3d6       38%         5
 Plasma Beam              Fire/Air       27%        2x1d39    47%         6
 Death Channel            Necr           11%        N/A       91%         6
 Eringya's Noxious Bog    Alch           11%        4d6       91%         6
 Sculpt Simulacrum        Ice/Alch       11%        N/A       91%         6
 Disjunction              Tloc           36%        N/A       98%         8
 Lehudib's Crystal Spear  Conj/Erth      26%        10d7      99%         8
 Enfeeble                 Hex            11%        N/A       100%        7
 Ozocubu's Refrigeration  Ice            11%        4d9       100%        7
 Borgnjor's Revivificati  Necr           11%        N/A       100%        8
 Discord                  Hex            11%        N/A       100%        8
 Ignition                 Fire           17%        3d7       100%        8
 Infestation              Necr           11%        N/A       100%        8
 Maxwell's Capacitive Co  Air            28%        ∞         100%        8
 Chain Lightning          Conj/Air       34%        3d45      100%        9
 Death's Door             Necr           11%        N/A       100%        9
 Fire Storm               Conj/Fire      25%        8d6       100%        9
 Polar Vortex             Ice            11%        12d1*     100%        9
 Shatter                  Erth           22%        3d19*     100%        9


Dungeon Overview and Level Annotations

Branches:
Dungeon (15/15)            Temple (1/1) D:5            Lair (5/5) D:11
 Shoals (4/4) Lair:3        Snake (4/4) Lair:3        Slime (5/5) Lair:5
    Orc (2/2) D:9             Elf (3/3) Orc:2        Vaults (5/5) D:13
  Crypt (3/3) Vaults:2       Tomb (0/3) Crypt:3      Depths (4/4) D:15
    Zot (5/5) Depths:4     Bailey (visited)         Volcano (visited)
 WizLab (visited)         Gauntlet (visited)

Altars:
Ashenzari
Cheibriados
Dithmenos
Elyvilon
Fedhas
Gozag
Hepliaklqana
Kikubaaqudgha
Makhleb
Nemelex Xobeh
Okawaru
Qazlal
Ru
Sif Muna
Trog
Uskayaw
Vehumet
Wu Jian
Xom
Yredelemnul
Zin
The Shining One
Jiyva

Shops:
D:6 [(   D:13 (   Orc:2 [:*((*   Snake:2 (   Snake:3 :[(!   Vaults:3 ((
Depths:2 =

Portals:
Hell: Depths:2 Depths:3 Depths:4
Abyss: Depths:1 Depths:2 Depths:3 Depths:4
Pandemonium: Depths:1 Depths:2

Annotations:
Temple 2 transporters
Lair:4 2 transporters
Lair:5 1 runed translucent door, Sobieck's ghost, journeyman DECj
Snake:4 Saint Roka
Elf:2 5 runed translucent doors
Zot:2 exclusion: upstairs


Innate Abilities, Weirdness & Mutations

You are too large for most types of armour.
You have a pair of small horns on your head.
You have tough skin. (AC +1)
You gain doubled healing and magic from potions.
Whenever you drink a healing potion, you attack all around you.
You are clumsy. (Dex -2)
You are robust. (+10% HP)
You expend magic power (3 MP) to strengthen your wands.


Message History

Things that are here:
a +2 trident of pain; a +0 robe
There is a large open door here.
There is a staircase leading out of the dungeon here.
You start resting.
A hell beast comes into view.
The hell beast is struck by your cactus giant's spines.
The hell beast bites your cactus giant.
The hell beast tramples your cactus giant!
Your cactus giant stumbles backwards!
Your cactus giant hits the hell beast with a +0 giant spiked club!
The hell beast is struck by your cactus giant's spines.
The hell beast bites your cactus giant!
The hell beast tramples your cactus giant.
Your cactus giant holds its ground!
The hell beast is struck by your cactus giant's spines.
The hell beast bites your cactus giant!
The hell beast tramples your cactus giant.
Your cactus giant holds its ground!
The hell beast is struck by your cactus giant's spines.
The hell beast completely misses your cactus giant.
The hell beast tramples your cactus giant!
Your cactus giant holds its ground!
Unknown command.
Unknown command.
Your cactus giant disappears in a puff of smoke!
The hell beast bites you but does no damage.
You block the hell beast's attack.
A Haysebum, a reaper, a soul eater and a Hell Sentinel come into view.
The reaper is wielding a +5 scythe of venom.
Unknown command.
Unknown command.
Press: ? - help, v - describe, . - travel
Here: Haysebum (fire blocked by a translucent rock wall)
The floor.
Okay, then.
Unknown command.
The hell beast bites you but does no damage.
You block the hell beast's attack.
You have escaped!

.# #.# #.# #.#### .# #.# #.#
#.# .# #.# #.# #[# .#
##&####.#### #.# .#
###~~~3≈§≈~~~# #.# .#
#..~8~~≈§~~8~# #.# .#
#.#2~81~~~8~~#### #.# ##
#.#≈~~####~~≈...# #.# ##
#.#§≈~#@.#~≈≈##.# #.###.
#.#≈≈~#2.#~≈≈##.# #...†.
#.#§~~#''#~~≈##.# #####.
#.#~~8~~~~8~~##.# ##
###.#~8~~≈≈~~8~##.# #
#....~~~≈§≈≈)~~##.## #
########.....#......####..## #
#...................####...###
#
.......#...[.######..).......#
#


You could see Haysebum, a Hell Sentinel, a hell beast, a reaper and a soul
eater.

Vanquished Creatures
  A dread lich (Vaults:5)
  2 ancient liches (Vaults:5)
  A curse toe (Zot:2)
  An Ice Fiend (D:1)
  An Orb Guardian (D:1)
  An Executioner (Zot:2)
  A shadow dragon (Vaults:5)
  Kirke (D:12)
  A storm dragon (Vaults:5)
  A draconian knight (Zot:2)
  A nagaraja (Snake:2)
  A rockslime (Slime:1)
  Louise (D:15)
  A curse skull (Crypt:2)
  2 orc warlords
  An ironbound preserver (Vaults:5)
  A stone giant (Vaults:5)
  A green draconian (Zot:3)
  A deep elf demonologist (Elf:3)
  2 lorocyprocas
  A red draconian (Zot:3)
  A minotaur (Gauntlet)
  Azrael (D:13)
  A war gargoyle (Vaults:5)
  3 merfolk javelineers (Shoals:4)
  A deep elf high priest (Vaults:5)
  A yaktaur captain (Vaults:5)
  2 merfolk impalers (Shoals:4)
  A jiangshi (Crypt:1)
  A rakshasa (D:1)
  2 hydras
  24 vault guards (Vaults:5)
  4 ogre magi
  A merfolk avatar (Shoals:4)
  An ice dragon (Zot:4)
  3 centaur warriors
  2 merfolk aquamancers (Shoals:4)
  5 two-headed ogres
  2 boulder beetles
  4 death yaks
  A hell hog (Lair:5)
  Urug (Lair:2)
  A deep troll earth mage (D:15)
  A shock serpent (Snake:1)
  Sonja (D:13)
  A skyshark (Lair:5)
  A large abomination (Zot:2)
  A mana viper (Snake:2)
  A fire crab (Gauntlet)
  5 skeletal warriors
  A glowing orange brain (Gauntlet)
  2 lindwurms (Lair:5)
  A deep troll (Vaults:5)
  A phantasmal warrior (D:15)
  A necromancer (Vaults:5)
  4 ironbound convokers
  A deep elf archer (Elf:3)
  2 orc knights
  2 deep elf zephyrmancers
  A faun (Shoals:2)
  A deep elf pyromancer (D:12)
  An oklob plant (D:11)
  2 harpies
  Maurice (D:11)
  5 ugly things
  A wolf spider (Lair:5)
  An orc sorcerer (Orc:1)
  4 elephants
  4 cyclopes
  3 manticores
  A kobold blastminer (Orc:1)
  3 centaur zombies (D:10)
  3 black mambas
  4 cane toads
  A smoke demon (Volcano)
  A molten gargoyle (Volcano)
  A centaur skeleton (D:10)
  4 gargoyles
  4 torpor snails
  2 freezing wraiths
  An efreet (D:15)
  5 komodo dragons
  A yaktaur (Vaults:1)
  2 unseen horrors
  An unseen horror zombie (D:10)
  12 polar bears
  An unseen horror skeleton (D:10)
  A wind drake (Shoals:4)
  A queen bee (shapeshifter) (D:13)
  3 trolls
  Grinder (D:4)
  2 hornets (Orc:1)
  2 merfolk
  3 tyrant leeches (Lair:5)
  10 blink frogs
  A snapping turtle (Shoals:1)
  3 raiju (Lair:5)
  11 slime creatures
  A shadow (D:10)
  3 fire elementals
  17 yaks
  4 basilisks
  A fire bat (Gauntlet)
  2 wraiths
  3 wyverns
  Eustachio (D:6)
  A steam dragon (shapeshifter) (D:14)
  A steam dragon (D:6)
  5 vampire mosquitoes
  4 wargs
  4 nagas
  8 water moccasins
  8 nameless horrors
  14 hell hounds
  11 orc warriors
  A sky beast (D:7)
  7 black bears
  3 boggarts (D:14)
  A laughing skull (D:15)
  A centaur (D:11)
  5 ogres
  15 wolves
  3 kobold brigands
  A phantom (D:6)
  6 bullfrogs
  2 scorpions (D:6)
  A burial acolyte (D:10)
  5 wights
  A killer bee (D:10)
  4 electric eels (D:11)
  2 howler monkeys
  A bombardier beetle (D:6)
  A lava snake (Volcano)
  A human zombie (D:10)
  4 orc priests
  A jelly (Lair:5)
  5 hounds
  4 iguanas
  4 orc wizards
  A sleepcap (D:5)
  Robin (D:3)
  3 howler monkey zombies (D:10)
  2 gnolls
  2 adders
  A howler monkey skeleton (D:10)
  An ufetubus (D:5)
  2 ribbon worms
  21 orcs
  8 ball pythons
  6 endoplasms
  3 giant cockroaches
  8 hobgoblins
  6 jackals
  A quokka (D:2)
  3 bats
  2 frilled lizards
  12 goblins
  A kobold (Bailey)
  4 rats
477 creatures vanquished.

Vanquished Creatures (collateral kills)
  the Royal Jelly (Slime:5)
  4 dread liches
  5 ancient liches
  9 orbs of fire
  Mara (Snake:4)
  A juggernaut (Depths:2)
  Josephina (Depths:2)
  Sojobo (Vaults:2)
  6 Killer Klowns
  Margery (Crypt:1)
  A shard shrike (Zot:3)
  A caustic shrike (Depths:3)
  2 curse toes
  Norris (Depths:1)
  3 bone dragons
  Nikola (Snake:3)
  A profane servitor (Crypt:3)
  21 golden dragons
  7 electric golems
  The ghost of Tang the Draconian Blade, an adept DrBr of Wu Jian (Vaults:2)
  A hellephant (Crypt:1)
  Zenata (Elf:1)
  19 tentacled monstrosities
  Jorgrun (Shoals:1)
  Asterion (Elf:3)
  27 Orb Guardians
  3 liches
  2 deep elf blademasters (Elf:3)
  2 deep elf master archers (Elf:3)
  14 acid blobs
  3 tentacled starspawn
  11 sphinxes
  4 titans
  Frances (Shoals:1)
  A kraken (Shoals:3)
  5 ancient champions
  Polyphemus (Shoals:4)
  8 quicksilver dragons
  16 shadow dragons
  11 eldritch tentacles
  7 death cobs
  9 tengu reavers
  18 storm dragons
  2 revenants
  3 protean progenitors
  Donald (Orc:2)
  5 nagarajas
  4 fire giants
  Aizul (Snake:1)
  17 draconian monks
  19 vault wardens
  5 rockslimes
  9 draconian shifters
  A balrug (Abyss:4)
  3 deep elf sorcerers
  6 iron dragons
  11 azure jellies
  4 frost giants
  2 draconian knights
  A caustic shrike zombie (Crypt:2)
  6 ghost moths
  4 deep elf elementalists (Elf:3)
  5 draconian scorchers
  6 angels
  A spectral juggernaut (Crypt:3)
  4 ghouls
  5 quicksilver oozes
  2 orc warlords
  4 draconian stormcallers
  19 ironbound preservers
  A demonspawn blood saint (Depths:4)
  8 draconian annihilators
  11 stone giants
  10 ironbound thunderhulks
  14 green draconians
  6 vampire knights
  5 formless jellyfish
  A juggernaut skeleton (Crypt:1)
  15 black draconians
  11 deep elf demonologists
  26 very ugly things
  13 red draconians
  2 war gargoyles
  10 white draconians
  23 dire elephants
  8 spark wasps
  5 deep elf annihilators (Elf:3)
  12 deep elf death magi
  10 yellow draconians
  9 purple draconians
  A lorocyproca (Zig:3)
  3 eidola
  4 mummy priests
  3 green deaths
  A spriggan zombie (Crypt:2)
  16 fire dragons
  16 jiangshi
  9 ettins
  8 merfolk impalers
  14 yaktaur captains
  8 deep elf high priests
  Fannar (D:12)
  3 entropy weavers
  8 great orbs of eyes
  2 spriggan skeletons (Crypt:2)
  A rakshasa (Depths:4)
  4 peacekeepers
  15 ice dragons
  13 vault guards
  5 salamander tyrants
  2 catoblepae
  A quicksilver dragon skeleton (Crypt:2)
  4 hydras
  4 merfolk avatars
  A sphinx zombie (Depths:3)
  An alligator snapping turtle (Shoals:4)
  Erica (Lair:2)
  14 centaur warriors
  4 spriggan air magi
  A jorogumo (Zot:1)
  An ogre mage (Orc:2)
  12 ironbound frosthearts
  4 death knights
  15 two-headed ogres
  3 merfolk aquamancers (Shoals:4)
  6 satyrs
  7 anacondas
  15 naga warriors
  8 death yaks
  A boulder beetle (D:15)
  2 deep troll shamans (Depths:3)
  8 vampire magi
  5 deep troll earth magi
  2 demonic crawlers
  2 tengu warriors
  A titan zombie (Depths:3)
  10 dancing weapons
  16 naga sharpshooters
  A spectral dire elephant (Crypt:3)
  2 thrashing horrors (Abyss:2)
  3 spriggan berserkers
  5 orc high priests
  2 occultists (Depths:3)
  12 shock serpents
  8 hell knights
  7 skysharks
  4 shadow wraiths
  4 sun demons
  15 deep elf knights
  2 soul eaters
  A titan skeleton (Crypt:2)
  A salamander mystic (Snake:4)
  3 wretched stars
  4 sixfirhies
  12 sea snakes
  A goliath frog (Vaults:3)
  28 skeletal warriors
  A bunyip zombie (Crypt:2)
  A deep troll (shapeshifter) (Vaults:5)
  A ghost moth zombie (Crypt:2)
  A bunyip skeleton (Crypt:1)
  7 glowing orange brains
  8 flayed ghosts
  3 iron trolls
  3 obsidian statues (Zig:2)
  7 mana vipers
  40 deep trolls
  7 naga ritualists
  10 arcanists
  16 deep elf archers
  20 ironbound convokers
  11 lindwurms
  11 phantasmal warriors
  18 harpies
  A sea snake (shapeshifter) (Vaults:5)
  20 deep elf pyromancers
  17 deep elf zephyrmancers
  6 necromancers
  8 large abominations
  35 ugly things
  8 orc knights
  10 orc sorcerers
  An oklob plant (Lair:4)
  9 fauns
  A shadow dragon skeleton (Depths:3)
  A sphinx simulacrum (Depths:3)
  10 cyclopes
  3 shining eyes
  4 elephants
  A worldbinder (Abyss:3)
  16 manticores
  24 moths of wrath
  12 salamanders
  27 black mambas
  2 ice statues
  An apocalypse crab (Abyss:4)
  A fire giant skeleton (Zig:4)
  3 meliai (D:15)
  A centaur zombie (Crypt:1)
  20 vault sentinels
  19 naga magi
  2 eyes of devastation
  2 titan simulacra (Depths:2)
  5 guardian serpents
  4 water nymphs
  2 water nymphs (shapeshifter)
  7 merfolk sirens
  2 centaur skeletons (Crypt:2)
  2 orange demons
  3 smoke demons
  2 torpor snails (Lair:5)
  4 cane toads
  A gargoyle (D:12)
  4 komodo dragons
  13 freezing wraiths
  An orb spider zombie (Crypt:2)
  26 yaktaurs
  2 tormentors
  5 guardian mummies
  3 tengu conjurers (Depths:2)
  2 ancient zymes (Abyss:3)
  14 merfolk
  A harpy zombie (Crypt:2)
  An ice devil (D:1)
  2 merfolk (shapeshifter)
  A troll (Zig:2)
  3 hellwings (Depths:4)
  5 raiju
  10 wind drakes
  16 nameless horrors
  An ice dragon zombie (Crypt:1)
  An ettin zombie (Crypt:2)
  10 hornets
  3 glass eyes
  A sun moth zombie (Crypt:1)
  9 blink frogs
  2 fire giant simulacra (Depths:2)
  8 snapping turtles
  56 slime creatures
  2 shadows (Crypt:3)
  An ettin skeleton (Crypt:1)
  An ice dragon skeleton (Crypt:2)
  A centaur simulacrum (Crypt:1)
  5 air elementals
  14 yaks
  3 wyverns
  A dire elephant simulacrum (Crypt:3)
  3 ushabtiu
  15 water elementals
  8 wraiths
  A black mamba skeleton (Crypt:2)
  6 fire elementals
  A human (D:13)
  3 fire bats
  3 hogs (D:12)
  2 wargs
  3 basilisks
  A vampire mosquito (D:12)
  2 chaos spawn
  A swamp worm (shapeshifter) (Vaults:5)
  56 nagas
  2 hydra simulacra (Zot:3)
  3 acid dragons
  3 water moccasins (Lair:3)
  7 hell hounds
  A dream sheep zombie (Crypt:2)
  23 orc warriors
  An ice beast (D:5)
  5 black bears (Lair:5)
  30 laughing skulls
  10 ogres
  6 small abominations
  4 boggarts
  11 starcursed masses
  10 wolves
  2 centaurs
  A dream sheep skeleton (Crypt:1)
  2 phantoms
  A weeping skull (Crypt:3)
  A salamander zombie (Crypt:2)
  A komodo dragon zombie (Crypt:1)
  6 necrophages
  8 bullfrogs
  A naga simulacrum (Crypt:3)
  5 earth elementals
  A human simulacrum (Depths:2)
  3 wights
  4 burial acolytes (Crypt:3)
  4 killer bees (D:10)
  4 electric eels
  A crimson imp (Abyss:4)
  3 lava snakes (Volcano)
  A quasit (Abyss:4)
  A bombardier beetle (D:5)
  A hound (D:7)
  6 jellies
  17 orc priests
  A sleepcap (D:7)
  4 iguanas
  15 orc wizards
  A deep dwarf skeleton (Crypt:2)
  3 mummies (Zig:4)
  9 gnolls
  6 adders
  A shadow imp (D:5)
  A white imp (Abyss:2)
  An ufetubus (D:5)
  A dart slug (D:1)
  55 orcs
  2 ball pythons (D:1)
  2 endoplasms (D:2)
  A giant cockroach (D:1)
  5 goblins
  4 hobgoblins
  17 kobolds
  3 quokkas
  3 bats
  2 frilled lizards (D:1)
  A giant cockroach zombie (Crypt:2)
  A gnoll skeleton (Crypt:1)
  A kobold skeleton (Crypt:2)
  An orc zombie (Crypt:1)
  4 rats
  An aspiring flesh (Zot:1)
  4 starspawn tentacles
  3 tentacles (Shoals:3)
2124 creatures vanquished.

Vanquished Creatures (others)
  An acid blob (Slime:1)
  103 eldritch tentacles
  A death cob (Zot:2)
  A deep elf sorcerer (Vaults:2)
  A draconian scorcher (Zot:1)
  An ettin (Vaults:2)
  A deep elf knight (Elf:2)
  A sea snake (Shoals:4)
  A shadow wraith (Vaults:1)
  A deep elf pyromancer (Elf:2)
  A guardian serpent (Abyss:3)
  A naga (Snake:4)
  A boggart (D:14)
  An orc priest (Orc:1)
  An orc (Orc:1)
  13 blazeheart cores
  A lurking horror (Abyss:3)
  30 snaplasher vines
  6 starspawn tentacles
  8 tentacles (Shoals:3)
175 creatures vanquished.

Grand Total: 2776 creatures vanquished

Notes
Turn   | Place    | Note
-------+----------+-------------------------------------------
     0 | D:1      | bakla the Oni Summoner began the quest for the Orb.
     0 | D:1      | Reached XP level 1. HP: 16/16 MP: 3/3
   246 | D:1      | Reached skill level 1 in Fighting
   246 | D:1      | Reached XP level 2. HP: 27/27 MP: 5/5
   289 | D:1      | Learned a level 2 spell: Call Imp
   826 | D:1      | Reached XP level 3. HP: 35/35 MP: 2/7
  1433 | D:2      | Learned a level 3 spell: Call Canine Familiar
  1792 | D:2      | Reached XP level 4. HP: 44/44 MP: 0/9
  1976 | D:2      | Found a faded altar of an unknown god.
  2471 | D:3      | Reached XP level 5. HP: 53/53 MP: 6/10
  2698 | D:3      | Noticed Robin
  2832 | D:3      | Killed Robin
  3297 | D:4      | Reached skill level 1 in Polearms
  3302 | D:4      | Learned a level 4 spell: Summon Lightning Spire
  3339 | D:4      | Reached XP level 6. HP: 62/62 MP: 5/12
  3579 | D:4      | Reached skill level 1 in Air Magic
  3957 | D:4      | Noticed a black bear
  3973 | D:4      | Killed a black bear
  3974 | D:4      | Reached skill level 5 in Summonings
  3974 | D:4      | Reached XP level 7. HP: 62/71 MP: 8/14
  4075 | D:4      | Noticed Grinder
  4112 | D:4      | Killed Grinder
  4113 | D:4      | Reached skill level 5 in Fighting
  4113 | D:4      | Reached skill level 5 in Spellcasting
  4839 | D:5      | Entered Level 5 of the Dungeon
  5011 | D:5      | Found a staircase to the Ecumenical Temple.
  5016 | Temple   | Found a transporter.
  5016 | Temple   | Found a transporter.
  5016 | Temple   | Found a transporter.
  5016 | Temple   | Found a transporter.
  5016 | Temple   | Entered the Ecumenical Temple
  5044 | Temple   | Became a worshipper of Sif Muna the Loreminder
  5223 | D:5      | Reached XP level 8. HP: 61/83 MP: 6/16
  5965 | D:6      | Found Nulalaes's Antique Armour Shop.
  5969 | D:6      | Bought a glowing robe for 81 gold pieces
  6254 | D:6      | Found an iron altar of Okawaru.
  6256 | D:6      | Found a snail-covered altar of Cheibriados.
  6270 | D:6      | Reached * piety under Sif Muna
  6627 | D:6      | Reached XP level 9. HP: 93/93 MP: 15/19
  6632 | D:6      | Learned a level 4 spell: Summon Blazeheart Golem
  6674 | D:6      | Learned a level 2 spell: Blink
  6706 | D:6      | Found a hazy altar of Hepliaklqana.
  6758 | D:6      | Noticed Eustachio
  6794 | D:6      | Killed Eustachio
  6871 | D:6      | Found Vakherub's Antique Weapon Emporium.
  6998 | D:6      | Found a broken altar of Ashenzari.
  7066 | D:6      | Found a hide-covered altar of Uskayaw.
  7518 | D:7      | Noticed a two-headed ogre
  7540 | D:7      | Killed a two-headed ogre
  7927 | D:7      | Reached XP level 10. HP: 107/107 MP: 12/22
  7934 | D:7      | Reached ** piety under Sif Muna
  7999 | D:7      | Found a shimmering altar of Xom.
  8094 | D:7      | Found a glowing silver altar of Zin.
  8095 | D:7      | Found an opulent altar of Gozag.
  8769 | D:8      | Reached skill level 10 in Fighting
  9301 | D:9      | Found a flagged portal.
  9320 | D:9      | Paralysed by a hornet for 2 turns
  9367 | Bailey   | Entered a bailey
  9374 | Bailey   | Noticed an orc warlord
  9482 | Bailey   | Found a runed translucent gate.
  9484 | Bailey   | Found a runed translucent gate.
  9535 | Bailey   | Found a runed translucent gate.
  9562 | Bailey   | Acquired the +1 robe of the Orb {rPois rF+ Slay+3}
  9574 | Bailey   | Acquired the +7 bardiche of Invincibility {flame, rElec
                  | Will+ Str+5}
  9719 | Bailey   | Killed an orc warlord
  9787 | Bailey   | Acquired the +2 cloak of the Thief {*Fog Slay-2 SInv
                  | Stlth+}
  9787 | Bailey   | Found the +2 cloak of the Thief {*Fog Slay-2 SInv Stlth+}
 10024 | D:9      | Reached skill level 10 in Spellcasting
 10024 | D:9      | Reached XP level 11. HP: 101/120 MP: 6/25
 10024 | D:9      | Reached *** piety under Sif Muna
 10141 | D:9      | Found a staircase to the Orcish Mines.
 10742 | D:9      | Noticed a two-headed ogre
 10742 | D:9      | Noticed an orc knight
 10808 | D:9      | Killed a two-headed ogre
 11005 | D:9      | Noticed a cyclops
 11232 | D:9      | Killed an orc knight
 11312 | D:9      | Killed a cyclops
 11476 | D:10     | Entered Level 10 of the Dungeon
 11494 | D:10     | Noticed a two-headed ogre
 11506 | D:10     | Killed a two-headed ogre
 11512 | D:10     | Reached skill level 1 in Fire Magic
 11605 | D:10     | Identified the ring "Jymnytiu" {Will+ MP+9 Str+2 Int-2}
 11702 | D:10     | Found Baamn's Vocational Training.
 11921 | D:10     | Found a blossoming altar of Fedhas.
 12000 | D:10     | Reached skill level 5 in Polearms
 12103 | D:10     | Found a sparkling altar of Nemelex Xobeh.
 12241 | D:10     | Noticed a two-headed ogre
 12248 | D:10     | Killed a two-headed ogre
 12508 | D:10     | Reached XP level 12. HP: 108/133 MP: 27/27
 12573 | D:10     | Found an ancient bone altar of Kikubaaqudgha.
 12733 | D:11     | Reached skill level 10 in Summonings
 12768 | D:11     | Noticed a two-headed ogre
 12775 | D:11     | Killed a two-headed ogre
 12775 | D:11     | Noticed a two-headed ogre
 12778 | D:11     | Killed a two-headed ogre
 12811 | D:11     | Reached **** piety under Sif Muna
 13136 | D:11     | Reached skill level 1 in Invocations
 13234 | D:11     | Noticed a boulder beetle
 13242 | D:11     | Killed a boulder beetle
 13285 | D:11     | Noticed Maurice
 13302 | D:11     | Maurice stole a ring of protection from fire
 13305 | D:11     | Maurice stole a tin of tremorstones (2/2)
 13309 | D:11     | Killed Maurice
 13310 | D:11     | Reached skill level 2 in Invocations
 13352 | D:11     | Found a staircase to the Lair.
 13839 | Lair:1   | Entered Level 1 of the Lair of Beasts
 14667 | Lair:2   | Reached skill level 3 in Invocations
 14831 | Lair:2   | Noticed Erica
 14843 | Lair:2   | Killed Erica
 14848 | Lair:2   | Reached skill level 4 in Invocations
 14869 | Lair:2   | Reached XP level 13. HP: 145/146 MP: 12/29
 14878 | Lair:2   | Noticed Urug
 14882 | Lair:2   | Reached ***** piety under Sif Muna
 14892 | Lair:2   | Killed Urug
 15040 | Lair:2   | Reached skill level 5 in Invocations
 15319 | Lair:2   | Received a gift from Sif Muna
 15320 | Lair:2   | Got Sif Muna's Volume of Burning Kinetic Energy {god gift}
 15754 | Lair:3   | Found a staircase to the Shoals.
 15784 | Lair:3   | Reached skill level 6 in Invocations
 15784 | Lair:3   | Found a staircase to the Snake Pit.
 15891 | Lair:3   | Reached skill level 15 in Fighting
 16402 | Lair:4   | Found a transporter.
 16595 | Lair:4   | Reached skill level 7 in Invocations
 16623 | Lair:4   | Found a transporter.
 16929 | Lair:4   | Found a dark tunnel.
 16944 | Volcano  | Entered a volcano
 17142 | Volcano  | Found a burning altar of Makhleb.
 17272 | Volcano  | Reached XP level 14. HP: 128/154 MP: 27/30
 17632 | Lair:4   | Reached skill level 8 in Invocations
 18209 | Lair:5   | Entered Level 5 of the Lair of Beasts
 18209 | Lair:5   | Found a staircase to the Slime Pits.
 18209 | Lair:5   | Found a runed translucent door.
 18226 | Lair:5   | Found a viscous altar of Jiyva.
 18539 | Lair:5   | Reached skill level 9 in Invocations
 18698 | Lair:5   | Reached skill level 10 in Polearms
 19034 | Lair:5   | Noticed Sobieck's ghost (journeyman DECj)
 19048 | Lair:5   | Received a gift from Sif Muna
 19059 | Lair:5   | Got Uffux's Cyclopedia of Wounds {god gift}
 19282 | Lair:5   | Reached skill level 1 in Conjurations
 19543 | Lair:5   | Reached skill level 10 in Invocations
 19664 | Lair:5   | Identified the +1 lajatang "Huduvoupt" {vamp, rF+ Dex+2}
 19754 | Lair:5   | Received a gift from Sif Muna
 19761 | Lair:5   | Got Emoura Sise's Volume of Shifting Bruises {god gift}
 19934 | Lair:5   | Reached XP level 15. HP: 168/174 MP: 23/31
 20469 | D:11     | Upgraded the game from 0.31.0-10-gcf4a605ca0 to
                  | 0.31.0-11-ge490571c62
 20623 | D:12     | Reached ****** piety under Sif Muna
 21190 | D:12     | Noticed Kirke
 21198 | D:12     | Noticed a sphinx
 21204 | D:12     | Killed Kirke
 21285 | D:12     | You fall into a shaft and drop 3 floors!
 21285 | D:15     | Entered Level 15 of the Dungeon
 21573 | D:14     | Reached skill level 5 in Conjurations
 22071 | D:13     | Noticed Azrael
 22368 | D:13     | Noticed Sonja
 22374 | D:13     | Killed Sonja
 22420 | D:13     | Killed Azrael
 22431 | D:13     | Received a gift from Sif Muna
 22439 | D:13     | Got Sif Muna's Writings on the Familiar and Cryomancy {god
                  | gift}
 22447 | D:13     | Learned a level 6 spell: Summon Cactus Giant
 22455 | D:13     | Learned a level 7 spell: Summon Hydra
 22973 | D:13     | Identified the staff of Anxiety {rElec Tloc Air}
 23102 | D:13     | Found Tyitz's Antique Weapon Shop.
 24167 | D:13     | Found a gate to the Vaults.
 24486 | D:12     | Reached XP level 16. HP: 188/188 MP: 9/32
 24865 | D:12     | Noticed Fannar
 24879 | D:12     | Killed Fannar
 25638 | D:11     | Identified the +7 broad axe of the Feeding Gods {elec,
                  | *Noise rCorr Int+2}
 25639 | D:11     | Identified the +0 robe "Lumeg" {rElec rCorr}
 26973 | D:15     | Noticed Louise
 27187 | D:15     | Received a gift from Sif Muna
 27195 | D:15     | Killed Louise
 27197 | D:15     | Got Yjautrul's Incunabulum of Dislocation {god gift}
 27204 | D:15     | Learned a level 5 spell: Summon Forest
 27313 | D:15     | Found a staircase to the Depths.
 27832 | Orc:1    | Entered Level 1 of the Orcish Mines
 28925 | Orc:2    | Entered Level 2 of the Orcish Mines
 28932 | Orc:2    | Found Biatast's Antique Weapon Emporium.
 28935 | Orc:2    | Found Logyhum's General Store.
 28970 | Orc:2    | Found a staircase to the Elven Halls.
 28973 | Orc:2    | Noticed Donald
 28983 | Orc:2    | Killed Donald
 28993 | Orc:2    | Found a gate leading to a gauntlet.
 29009 | Gauntlet | Entered a Gauntlet
 29009 | Gauntlet | Found a transporter.
 29009 | Gauntlet | Found a large runed translucent door.
 29009 | Gauntlet | Found a large runed translucent door.
 29009 | Gauntlet | Found a large runed translucent door.
 29009 | Gauntlet | Found a large runed translucent door.
 29009 | Gauntlet | Found a runed translucent door.
 29009 | Gauntlet | Found a runed translucent door.
 29009 | Gauntlet | Found a large runed translucent door.
 29009 | Gauntlet | Found a large runed translucent door.
 29009 | Gauntlet | Found a large runed translucent door.
 29009 | Gauntlet | Found a large runed translucent door.
 29009 | Gauntlet | Found a large runed translucent door.
 29009 | Gauntlet | Found a large runed translucent door.
 29089 | Gauntlet | Found a large runed translucent door.
 29089 | Gauntlet | Found a large runed translucent door.
 29102 | Gauntlet | Found a transporter.
 29113 | Gauntlet | Found a transporter.
 29118 | Gauntlet | Found a transporter.
 29133 | Gauntlet | Found a transporter.
 29152 | Gauntlet | Found a transporter.
 29164 | Gauntlet | Found a transporter.
 29176 | Gauntlet | Found a transporter.
 29182 | Gauntlet | Found a transporter.
 29197 | Gauntlet | Found a transporter.
 29209 | Gauntlet | Found a transporter.
 29215 | Gauntlet | Found a transporter.
 29215 | Gauntlet | Found a transporter.
 29254 | Gauntlet | Found a transporter.
 29273 | Gauntlet | Found a large runed translucent door.
 29274 | Gauntlet | Found a large runed translucent door.
 29278 | Gauntlet | Found a runed translucent gate.
 29278 | Gauntlet | Found a runed translucent gate.
 29278 | Gauntlet | Found a runed translucent gate.
 29280 | Gauntlet | Found a transporter.
 29282 | Gauntlet | Found a transporter.
 29288 | Gauntlet | Found a large runed translucent door.
 29289 | Gauntlet | Found a large runed translucent door.
 29302 | Gauntlet | Found a transporter.
 29473 | Gauntlet | Found a transporter.
 29615 | Gauntlet | Received a gift from Sif Muna
 29619 | Gauntlet | Got Sif Muna's Precepts of Stolen Souls and Position {god
                  | gift}
 29698 | Gauntlet | Identified the amulet of the Sun {Reflect rF++ Str-5 Slay+2
                  | SH+5}
 29870 | Gauntlet | Identified the ring "Oclub" {Wiz ^Drain Will+ SInv}
 29922 | Gauntlet | Identified the +1 pair of gloves of the Solstice {rPois
                  | rF+}
 30238 | Orc:2    | Reached skill level 15 in Summonings
 30466 | Orc:2    | Found Agutyi Mifucs's Antique Armour Emporium.
 30472 | Orc:2    | Found Diocw's General Store.
 30596 | Orc:2    | Found Qozxucw's Antique Weapon Emporium.
 30689 | Orc:2    | Bought a scroll of revelation for 82 gold pieces
 30851 | Orc:2    | Reached XP level 17. HP: 152/201 MP: 6/33
 31038 | Orc:2    | Found Milehe's Book Emporium.
 31044 | Orc:2    | Bought a Grand Grimoire for 374 gold pieces
 31061 | Orc:2    | Bought the +2 shield of Resistance {rF++ rC++ Will++} for
                  | 2256 gold pieces
 31061 | Orc:2    | Found the +2 shield of Resistance {rF++ rC++ Will++}
 31380 | Shoals:1 | Entered Level 1 of the Shoals
 31381 | Shoals:1 | Noticed Frances
 31389 | Shoals:1 | Killed Frances
 31539 | Shoals:1 | Noticed Jorgrun
 31556 | Shoals:1 | Killed Jorgrun
 31556 | Shoals:1 | Received a gift from Sif Muna
 31557 | Shoals:1 | Reached skill level 1 in Shields
 34876 | Shoals:3 | Reached skill level 10 in Conjurations
 35701 | Shoals:3 | Received a gift from Sif Muna
 36294 | Shoals:3 | Noticed a kraken
 36306 | Shoals:3 | Killed a kraken
 36417 | Shoals:3 | Got Sif Muna's Codex of Compounds {god gift}
 36975 | Shoals:3 | Reached skill level 5 in Shields
 37210 | Shoals:4 | Entered Level 4 of the Shoals
 37780 | Shoals:4 | Reached XP level 18. HP: 210/210 MP: 14/36
 38030 | Shoals:4 | Noticed Polyphemus
 38050 | Shoals:4 | Killed Polyphemus
 38281 | Shoals:4 | Found Jeutweh's Antique Weapon Shoppe.
 38754 | Shoals:4 | Reached skill level 15 in Spellcasting
 38755 | Shoals:4 | Received a gift from Sif Muna
 38763 | Shoals:4 | Got Sif Muna's Anthology of Mighty Ouranomancy {god gift}
 38783 | Shoals:4 | Got a barnacled rune of Zot
 39354 | Shoals:4 | Identified the +12 executioner's axe of the Demagogue
                  | {vamp, rElec rF++ Int-4}
 39788 | Lair:3   | Learned a level 7 spell: Spellforged Servitor
 39790 | Snake:1  | Entered Level 1 of the Snake Pit
 40225 | Snake:3  | Found Maug's Armour Emporium.
 40237 | Snake:3  | Received a gift from Sif Muna
 40238 | Snake:3  | Got Sif Muna's Vademecum on the Relocated Dead {god gift}
 40251 | Snake:3  | Noticed Nikola
 40269 | Snake:3  | Killed Nikola
 40388 | Snake:3  | Found Boisac's Distillery.
 40390 | Snake:3  | Found Aczuyl's Weapon Emporium.
 40392 | Snake:3  | Found Borphyul's Book Shoppe.
 40406 | Snake:3  | Bought a potion of ambrosia for 104 gold pieces
 40406 | Snake:3  | Bought 2 potions of curing for 78 gold pieces
 40406 | Snake:3  | Bought 2 potions of heal wounds for 130 gold pieces
 40406 | Snake:3  | Bought a potion of haste for 130 gold pieces
 40406 | Snake:3  | Bought a potion of curing for 39 gold pieces
 40447 | Snake:4  | Entered Level 4 of the Snake Pit
 40566 | Snake:4  | Reached XP level 19. HP: 178/219 MP: 27/39
 40624 | Snake:4  | Noticed Mara
 40631 | Snake:4  | Noticed bakla's illusion
 40719 | Snake:4  | Killed Mara
 40745 | Snake:4  | Got a jade gem with 1444 turns to spare
 40747 | Snake:4  | Got a serpentine rune of Zot
 41240 | Snake:4  | Noticed Saint Roka
 42363 | Snake:3  | Received a gift from Sif Muna
 43103 | Snake:2  | Identified the +1 helmet of the Ward {Int+3}
 43507 | Snake:2  | Found Evvas's Antique Weapon Boutique.
 43515 | Snake:2  | Bought an ichor-stained mace for 216 gold pieces
 43515 | Snake:2  | Identified the +4 mace "Grim" {freeze, rElec rF- Dex+3}
                  | (You bought it in a shop on level 2 of the Snake Pit)
 44744 | Snake:1  | Identified the serpent talisman of Surprise {rCorr}
 44744 | Snake:1  | Noticed Aizul
 44753 | Snake:1  | Killed Aizul
 45164 | Elf:1    | Entered Level 1 of the Elven Halls
 45174 | Elf:1    | Learned a level 4 spell: Martyr's Knell
 45182 | Elf:1    | Learned a level 7 spell: Malign Gateway
 45224 | Elf:1    | Paralysed by an air elemental for 1 turns
 45371 | Elf:1    | Reached skill level 1 in Translocations
 45561 | Elf:1    | Received a gift from Sif Muna
 45592 | Elf:1    | Got Sif Muna's Book of Percussion and the Legion {god gift}
 45724 | Elf:1    | Found a magical portal.
 45748 | WizLab   | Entered Doroklohe's Tomb
 45801 | WizLab   | Reached XP level 20. HP: 214/225 MP: 29/42
 46867 | Elf:1    | Noticed Zenata
 46882 | Elf:1    | Killed Zenata
 47511 | Elf:2    | Identified the ring "Mimag" {rF++ rN+ Str+6 Int-3 Dex+2
                  | SInv}
 47527 | Elf:2    | Reached skill level 5 in Translocations
 48545 | Elf:2    | Found a huge runed translucent gate.
 48547 | Elf:2    | Found a huge runed translucent gate.
 48552 | Elf:2    | Found a huge runed translucent gate.
 48553 | Elf:2    | Found a huge runed translucent gate.
 48553 | Elf:2    | Found a huge runed translucent gate.
 48594 | Elf:3    | Entered Level 3 of the Elven Halls
 48775 | Elf:3    | Noticed Asterion
 48792 | Elf:3    | Killed Asterion
 49125 | Elf:3    | Identified the +4 spear of the Winnowing Augurer {protect,
                  | rF+}
 49849 | Elf:3    | Identified the ring of Zoaczer {Will+ rCorr}
 49852 | Elf:3    | Received a gift from Sif Muna
 49862 | Elf:3    | Got Sif Muna's Codex of the Mob {god gift}
 50164 | Elf:2    | Learned a level 5 spell: Summon Mana Viper
 50385 | Elf:3    | Reached skill level 1 in Armour
 50860 | Elf:3    | Identified the +1 robe of Beogh's Felicitations {rC+}
 50864 | Elf:3    | Identified the +1 ring mail of Daffodils {rF+ MP+9 Str-2
                  | Dex+3}
 50904 | Elf:3    | Identified the +1 leather armour of the Lotus Blossom
                  | {Str+3 Dex+3 Stlth+}
 51283 | Elf:3    | Identified the +1 helmet "Mybluss" {Will+}
 51290 | Elf:3    | Identified the +2 shortbow of Conflict {speed, Fly Str-5
                  | Int+3}
 51388 | Elf:3    | Identified the +3 shortbow of Usky Pac {antimagic, +Blink
                  | rC+ Will+}
 51770 | Vaults:1 | Entered Level 1 of the Vaults
 51918 | Vaults:1 | Reached XP level 21. HP: 235/236 MP: 21/43
 52617 | Vaults:1 | Received a gift from Sif Muna
 52623 | Vaults:1 | Got Sif Muna's Folio of Hurting and Translocation {god
                  | gift}
 52901 | Vaults:1 | Reached skill level 1 in Earth Magic
 53721 | Vaults:1 | Found the sphere of Battle
 53913 | Vaults:1 | Reached skill level 5 in Dodging
 54203 | Vaults:1 | Learned a level 6 spell: Bombard
 54231 | Vaults:1 | Reached skill level 5 in Armour
 55522 | Vaults:2 | Reached skill level 5 in Earth Magic
 55755 | Vaults:2 | Found a staircase to the Crypt.
 56438 | Vaults:2 | You fall into a shaft and drop 1 floor!
 56724 | Vaults:3 | Received a gift from Sif Muna
 56870 | Vaults:3 | Got Junur's Encyclopedia of Blasted Distance {god gift}
 56918 | Vaults:3 | Found Bonid's Weapon Shoppe.
 57313 | Vaults:3 | Found Qegum's Weapon Emporium.
 57504 | Vaults:3 | Reached XP level 22. HP: 226/247 MP: 13/44
 59395 | Vaults:4 | Received a gift from Sif Muna
 60248 | Vaults:4 | Found a portal to a secret trove of treasure.
 61590 | Vaults:4 | Reached skill level 11 in Invocations
 62379 | Vaults:2 | Received a gift from Sif Muna
 62380 | Vaults:2 | Got Sif Muna's Incunable of Radiant Fascination {god gift}
 63209 | Vaults:2 | Found a runed translucent gate.
 63209 | Vaults:2 | Found a runed translucent gate.
 63209 | Vaults:2 | Noticed Tang's ghost (adept DrBr)
 63210 | Vaults:2 | Found a runed translucent gate.
 63359 | Vaults:2 | Noticed Sojobo
 63362 | Vaults:2 | Reached skill level 12 in Invocations
 63369 | Vaults:2 | Killed Sojobo
 63381 | Vaults:2 | Reached XP level 23. HP: 194/254 MP: 8/47
 64010 | Vaults:2 | Identified the ring "Neippiuss" {rF- AC+4 Int+2 Dex+2 SInv}
 64012 | Vaults:2 | Identified the +5 war axe of Kindness {venom, rC+ Int-4
                  | Dex+3}
 64254 | Vaults:2 | Killed Tang's ghost
 64588 | Depths:1 | Entered Level 1 of the Depths
 64726 | D:10     | Bought a manual of Invocations for 1120 gold pieces
 64726 | D:10     | Bought a manual of Evocations for 1120 gold pieces
 64877 | Depths:1 | Reached skill level 13 in Invocations
 65392 | Depths:1 | Noticed Norris
 65400 | Depths:1 | Killed Norris
 65401 | Depths:1 | Reached skill level 14 in Invocations
 65637 | Depths:1 | Found a one-way gateway to a ziggurat.
 65638 | Depths:1 | Found a one-way gate leading to the halls of Pandemonium.
 66025 | Depths:1 | Found a one-way gate to the infinite horrors of the Abyss.
 66283 | Depths:2 | Noticed a golden dragon
 66296 | Depths:2 | Received a gift from Sif Muna
 66299 | Depths:2 | Reached skill level 15 in Invocations
 66299 | Depths:2 | Got Sif Muna's Directory of Amathomancy and Command {god
                  | gift}
 66424 | Depths:2 | Noticed a juggernaut
 66432 | Depths:2 | Killed a juggernaut
 66572 | Depths:2 | Identified the ring of Divine Intervention {Fire Str-3
                  | Int+2 Dex+3}
 66613 | Depths:2 | Noticed a golden dragon
 66747 | Depths:2 | Found a gateway to Hell.
 67232 | Depths:2 | Found Jecw's Jewellery Emporium.
 67252 | Depths:2 | Reached skill level 16 in Invocations
 67390 | Depths:2 | Killed a golden dragon
 68018 | Depths:2 | Identified the +6 shortbow of the Mashing Gods {speed, rF+
                  | rN+ MP-9 Int+5}
 68083 | Depths:2 | Killed a golden dragon
 68327 | Depths:2 | Identified the ring "Beaq" {Ice rN+ Int+3}
 68327 | Depths:2 | Noticed Josephina
 68348 | Depths:2 | Killed Josephina
 68640 | Depths:3 | Reached skill level 17 in Invocations
 68954 | Depths:3 | Noticed a golden dragon
 68970 | Depths:3 | Killed a golden dragon
 69514 | Depths:3 | Noticed a golden dragon
 69524 | Depths:3 | Killed a golden dragon
 69533 | Depths:3 | Reached skill level 18 in Invocations
 69683 | Depths:3 | Received a gift from Sif Muna
 69685 | Depths:3 | Got Sif Muna's Secrets of Scorched Hurting {god gift}
 69863 | Depths:3 | Noticed a golden dragon
 69877 | Depths:3 | Noticed a caustic shrike
 69881 | Depths:3 | Identified the +0 buckler of Dishonesty {Fly Str-2 Int-4
                  | Stlth+}
 69896 | Depths:3 | Noticed a golden dragon
 69898 | Depths:3 | Killed a caustic shrike
 70145 | Depths:3 | Reached XP level 24. HP: 184/265 MP: 27/47
 70172 | Depths:3 | Reached skill level 19 in Invocations
 70811 | Vaults:4 | You paid a toll of +2 gold dragon scales to enter a
                  | treasure trove
 70812 | Trove    | Entered a treasure trove
 71494 | Depths:4 | Entered Level 4 of the Depths
 71502 | Depths:4 | Reached skill level 1 in Evocations
 71968 | Depths:4 | Learned a level 9 spell: Dragon's Call
 73156 | Orc:2    | Bought a book of Cantrips for 176 gold pieces
 73666 | Depths:4 | Reached skill level 5 in Evocations
 73842 | Depths:4 | Found a shadowy altar of Dithmenos.
 74328 | Depths:4 | Reached skill level 20 in Invocations
 74602 | Depths:4 | Found a gate to the Realm of Zot.
 75274 | Slime:1  | Entered Level 1 of the Pits of Slime
 75283 | Slime:1  | Received a gift from Sif Muna
 75285 | Slime:1  | Got Sif Muna's Verses on Spellbinding Accomplices {god
                  | gift}
 75286 | Slime:1  | Gained mutation: Your system is resistant to poisons.
                  | (rPois) [a shining eye]
 76875 | Slime:5  | Entered Level 5 of the Pits of Slime
 76890 | Slime:5  | Noticed the Royal Jelly
 76899 | Slime:5  | Killed the Royal Jelly
 77038 | Slime:5  | Identified the +3 chain mail of Paimna Pivue {rPois rC++
                  | Will- Str+3}
 77044 | Slime:5  | Identified the ring of the Lion {rC+ rN++ Dex+6 Slay+3
                  | Stlth+}
 77059 | Slime:5  | Identified the +0 leather armour of Ruskalug {rElec Dex+2}
 77081 | Slime:5  | Identified the staff "Elit Pas" {rPois Stlth+ Alchemy}
 77083 | Slime:5  | Got a slimy rune of Zot
 77092 | Slime:5  | Identified the amulet of Leerefob {Acrobat -Tele rPois rF+
                  | MP+9}
 77109 | Slime:5  | Identified the +7 halberd "Wiro" {pain, Dex+2}
 77112 | Slime:5  | Identified the +6 hand axe "Ucsea" {protect, Will- Str+5}
 77143 | Slime:5  | Identified the +3 triple crossbow of Rubbish {heavy, +Blink
                  | Str+7 Stlth-}
 77522 | Zot:1    | Entered Level 1 of the Realm of Zot
 77779 | Zot:2    | Noticed an orb of fire
 77799 | Zot:2    | Killed an orb of fire
 78032 | Zot:2    | Reached skill level 21 in Invocations
 78032 | Zot:2    | Reached XP level 25. HP: 216/273 MP: 15/47
 78330 | Zot:1    | Received a gift from Sif Muna
 80011 | Zot:2    | Noticed a Killer Klown
 80037 | Zot:2    | Killed a Killer Klown
 80110 | Zot:2    | Noticed a dread lich
 80127 | Zot:2    | Killed a dread lich
 81238 | Zot:2    | Noticed an orb of fire
 81241 | Zot:2    | Gained mutation: You are vulnerable to heat. (rF-) [an orb
                  | of fire]
 81246 | Zot:2    | Killed an orb of fire
 81249 | Zot:2    | Killed an orb of fire
 81753 | Zot:3    | Reached skill level 22 in Invocations
 82140 | Crypt:1  | Entered Level 1 of the Crypt
 82154 | Crypt:1  | Reached skill level 10 in Evocations
 82935 | Crypt:1  | Noticed Margery
 82965 | Crypt:1  | Killed Margery
 84226 | Crypt:1  | Received a gift from Sif Muna
 84227 | Crypt:1  | Got Sif Muna's Vellum of the Bloody Swarm {god gift}
 84472 | Crypt:2  | Reached XP level 26. HP: 261/261 MP: 11/47
 84954 | Crypt:2  | Found a basalt altar of Yredelemnul.
 85009 | Crypt:2  | Reached skill level 10 in Armour
 85168 | Crypt:2  | Reached skill level 10 in Dodging
 85782 | Crypt:2  | Reached skill level 23 in Invocations
 86601 | Crypt:3  | Entered Level 3 of the Crypt
 87189 | Crypt:3  | Found a basalt altar of Yredelemnul.
 87479 | Crypt:3  | Received a gift from Sif Muna
 87481 | Crypt:3  | Got Ludaami's Precepts of Sweltering Attacks {god gift}
 87489 | Crypt:3  | Reached skill level 24 in Invocations
 87731 | Crypt:3  | Got the Writings on Algor and Accompaniment
 87859 | Crypt:3  | Found a staircase to the Tomb.
 87859 | Crypt:3  | Noticed an ancient lich
 87875 | Crypt:3  | Killed an ancient lich
 88025 | Crypt:3  | Identified the amulet "Jeap Wio" {rN+ Regen+ Int+6}
 88025 | Crypt:3  | Identified the ring of Poox {rN+ Int+3}
 88279 | Crypt:3  | Identified the +6 chain mail of the Dozen Lovers {rC-
                  | Regen+ Int+2 Dex+5}
 88780 | Crypt:3  | Reached skill level 25 in Invocations
 89583 | Vaults:5 | Entered Level 5 of the Vaults
 89583 | Vaults:5 | Noticed a dread lich
 89588 | Vaults:5 | Noticed an ancient lich
 89592 | Vaults:5 | Killed a dread lich
 89592 | Vaults:5 | Received a gift from Sif Muna
 89593 | Vaults:5 | Reached skill level 26 in Invocations
 89593 | Vaults:5 | Got Sif Muna's Secrets of Horrible Causimancy {god gift}
 89603 | Vaults:5 | Noticed an ancient lich
 89613 | Vaults:5 | Killed an ancient lich
 89614 | Vaults:5 | Reached XP level 27. HP: 94/291 MP: 28/47
 89619 | Vaults:5 | Killed an ancient lich
 89635 | Vaults:5 | Reached skill level 27 in Invocations
 89643 | Vaults:5 | Noticed a dread lich
 89649 | Vaults:5 | Killed a dread lich
 89760 | Vaults:5 | Noticed an ancient lich
 89768 | Vaults:5 | Killed an ancient lich
 89931 | Vaults:5 | Noticed a dread lich
 89946 | Vaults:5 | Killed a dread lich
 90360 | Vaults:5 | Identified the +6 short sword "Haudd" {antimagic, ^Fragile
                  | rPois Dex+6 Stlth-}
 90418 | Vaults:5 | Identified the +4 broad axe of the Trees {flame, rElec
                  | Int+4}
 91069 | Vaults:5 | Received a gift from Sif Muna
 91257 | Vaults:5 | Got a silver rune of Zot
 92134 | Zot:2    | Lost mutation: Your system is resistant to poisons. (rPois)
                  | [potion of mutation]
 92134 | Zot:2    | Lost mutation: You are vulnerable to heat. (rF-) [potion of
                  | mutation]
 92134 | Zot:2    | Gained mutation: You are robust. (+10% HP) [potion of
                  | mutation]
 92134 | Zot:2    | Gained mutation: You expend magic power (3 MP) to
                  | strengthen your wands. [potion of mutation]
 92895 | Zot:3    | Noticed an orb of fire
 92910 | Zot:3    | Killed an orb of fire
 93728 | Zot:4    | Identified the ring "Caryfaly" {+Blink rF+ AC+4 Int+2}
 94550 | Zot:4    | Noticed an ancient lich
 94557 | Zot:4    | Killed an ancient lich
 94582 | Zot:4    | Found a stormy altar of Qazlal.
 95476 | Zot:4    | Acquired the ring "Nec Cimass" {rPois rF+ Dex+6}
 95495 | Zot:4    | Reached skill level 10 in Shields
 95501 | Zot:4    | Received a gift from Sif Muna
 95725 | Zot:5    | Entered Level 5 of the Realm of Zot
 96896 | Zot:5    | Noticed a dread lich
 96921 | Zot:5    | Killed a dread lich
 97186 | Zot:5    | Noticed an orb of fire
 97188 | Zot:5    | Gained mutation: You are clumsy. (Dex -2) [an orb of fire]
 97194 | Zot:5    | Killed an orb of fire
 97202 | Zot:5    | Noticed an orb of fire
 97204 | Zot:5    | Noticed an orb of fire
 97216 | Zot:5    | Killed an orb of fire
 97217 | Zot:5    | Killed an orb of fire
 97590 | Zot:5    | Noticed an orb of fire
 97596 | Zot:5    | Noticed an orb of fire
 97605 | Zot:5    | Killed an orb of fire
 97609 | Zot:5    | Noticed an ancient lich
 97614 | Zot:5    | Noticed an ancient lich
 97620 | Zot:5    | Killed an orb of fire
 97628 | Zot:5    | Killed an ancient lich
 97641 | Zot:5    | Killed an ancient lich
 97837 | Zot:5    | Received a gift from Sif Muna
 97838 | Zot:5    | Got Anliynwiduo's Spellbook of Fetching Concussion {god
                  | gift}
 99171 | Zot:1    | Found a shimmering altar of Xom.
 99328 | Zot:1    | Found a shimmering altar of Xom.
 99330 | Zot:1    | Found a shimmering altar of Xom.
 99330 | Zot:1    | Found a shimmering altar of Xom.
 99330 | Zot:1    | Found a shimmering altar of Xom.
 99330 | Zot:1    | Found a shimmering altar of Xom.
 99330 | Zot:1    | Found a glowing silver altar of Zin.
 99331 | Zot:1    | Found a shimmering altar of Xom.
 99332 | Zot:1    | Found a shimmering altar of Xom.
 99332 | Zot:1    | Found a shimmering altar of Xom.
 99336 | Zot:1    | Found a shimmering altar of Xom.
 99516 | Zig:1    | Entered Level 1 of a ziggurat
 99568 | Zig:1    | Identified the +3 ring mail of the Earth {-Cast +Blink rC+
                  | rCorr}
 99590 | Zig:2    | Entered Level 2 of a ziggurat
 99664 | Zig:3    | Entered Level 3 of a ziggurat
 99833 | Zig:4    | Entered Level 4 of a ziggurat
 99915 | Zig:5    | Entered Level 5 of a ziggurat
100084 | Depths:1 | Voluntarily entered the Abyss.
100363 | Abyss:3  | Received a gift from Sif Muna
100364 | Abyss:3  | Got Sif Muna's Elucidation of Striking and Rot {god gift}
100368 | Abyss:3  | Got an abyssal rune of Zot
100508 | Depths:1 | Escaped the Abyss
100792 | Zot:5    | Got the Orb of Zot
100936 | Zot:3    | Noticed Idooqoaffe the pandemonium lord
101159 | Depths:3 | Noticed Sefuregol the pandemonium lord
101397 | D:9      | Reached skill level 15 in Shields
101664 | D:1      | Reached skill level 15 in Armour
101705 | D:1      | Received a gift from Sif Muna
101706 | D:1      | Reached skill level 15 in Dodging
101706 | D:1      | Got Ikhleir's Teachings on the Barrage and the Wendigo {god
                  | gift}
101736 | D:1      | Noticed Haysebum the pandemonium lord
101737 | D:$      | Escaped with the Orb!

Illustrated notes

Levels and vault maps discovered:
D:1:      lightli_arrival_boilingwater, layout_loops_ring,
          minmay_shallow_snake_nest
D:2:      layout_basic, serial_aquarium, aquarium_bridge_long_separate
          [aquarium_subvault_balcony, aquarium_subvault_bridge,
          aquarium_subvault_wall, aquarium_subvault_window,
          aquarium_subvault_window, aquarium_subvault_bridge],
          aquarium_window_1, aquarium_window_1, aquarium_window_2,
          aquarium_view_2e, aquarium_view_2e, aquarium_pool_2,
          shapermc_ecumenical_altar_mp_urbaneastern, minmay_pentomino_v2
D:3:      layout_basic, minmay_misc_feat_hallway, corexii_shack,
          minmay_misc_feat_five, fountainhead, kennysheep_generic_room_8,
          uniq_robin
D:4:      layout_loops_ring, serial_co_window_serial, co_window_corner_a,
          co_window_paths_b, co_window_corner_a, co_window_paths_a,
          co_window_corner_a, co_window_corner_cb, co_window_unsneaky_path_b,
          co_window_corner_b, co_window_broadway_a, co_window_paths_c,
          co_window_broadway_a, co_window_4corner_b, co_window_paths_e,
          uniq_grinder
D:5:      layout_gridville, minmay_temple_entry_statues_pillars,
          hangedman_decor_slide_cut
D:6:      layout_loops_ring, jmf_multi_god_temple,
          amethyst_overflow_temple_binary, nzn_hepliaklqana_mist_gate,
          serial_shops, nicolae_diamond_shop, shop, uniq_eustachio
D:7:      layout_basic, grunt_temple_overflow_gold_and_silver,
          mainiacjoe_overflow_concentric_impassable, st_stairs_2
D:8:      layout_loops_ring, minivault_24
D:9:      layout_loops_ring, erik_orc_3, enter_bailey_6,
          hellmonk_guarded_unrand_dark_maul
D:10:     layout_basic, mainiacjoe_overflow_six_doors_small,
          lemuel_mausoleum_altar_kikubaaqudgha, fedhas_altar_fruit_tree,
          nicolae_shop_vocational
D:11:     statuecave_lemuel, layout_basic, dpeg_oklobed_lair,
          chequers_mini_garden, uniq_maurice
D:12:     layout_layer_cave, uniq_fannar, uniq_kirke
D:13:     layout_stronghold, grunt_vaults_entry_fortified, serial_shops, shop,
          uniq_sonja, uniq_azrael
D:14:     layout_basic, nicolae_cairo_tiling, hangedman_decor_riveting
D:15:     hellmonk_depths_entry_around_the_bend, layout_basic,
          chequers_serial_rivers_small_3, uniq_louise
Temple:   hellmonk_temple_divided_pantheon
Lair:1:   layout_gridlike, patterned_corridor
Lair:2:   layout_roguey, grunt_megastairs_3, lemuel_fruit_tree,
          infiniplex_staircase_pool, uniq_urug, uniq_erica
Lair:3:   layout_hall_layers, shoals_dummy_entry,
          minmay_snake_entry_guardpost_small, grunt_megastairs_4
Lair:4:   gammafunk_worm_tunnel, layout_regular_city, enter_volcano_3,
          minmay_lair_oklob_bushes, grunt_megastairs_1, serial_bayou_shore_b
Lair:5:   hangedman_lair_caniforms_friends, layout_hall_layers, wormcave,
          minmay_slime_entry_pillars, ebering_ghost_reflecting_pool
Shoals:1: layout_shoals, uniq_frances, uniq_jorgrun
Shoals:2: layout_shoals, nicolae_shoals_lost_giant_baths, st_cyclops
Shoals:3: layout_shoals, nicolae_shoals_sun_and_surf
Shoals:4: shoals_end_simple, layout_shoals, serial_shops, nicolae_square_shop,
          uniq_polyphemus
Snake:1:  layout_misc_corridors, serial_library_hellmonk_double_dead_end,
          serial_bayou_shore_a, uniq_aizul
Snake:2:  layout_chambers, serial_shops, shop
Snake:3:  layout_cave_pods, serial_shops, nicolae_diamond_shop, special_room,
          minmay_shop_star, uniq_nikola
Snake:4:  minmay_snake_end_coiled, layout_rooms, uniq_saint_roka, uniq_mara
Slime:1:  layout_caves
Slime:2:  layout_caves
Slime:3:  layout_caves
Slime:4:  layout_caves
Slime:5:  slime_pit_nicolae_jellycorners
Orc:1:    hellmonk_paralyzer, layout_caves, mines1_david
Orc:2:    grunt_orc_cross, layout_caves, gauntlet_entry_generic, serial_shops,
          shop, shop, uniq_donald
Elf:1:    layout_geoelf_octagon, lightli_enter_wizlab_magi_temple,
          kennysheep_underground_church, uniq_zenata
Elf:2:    elven_hall_of_blades_hangedman_alternative
          [nicolae_vaults_blade_armed_guards], layout_loops_cross,
          portal_ice_cave_entry_frozen_things
Elf:3:    elf_hall, layout_geoelf_octagon, uniq_asterion
Vaults:1: portal_desolation_entry_twin_temple,
          nicolae_vaults_network_quinsquares
          [nicolae_vaults_network_quincunx_subvault,
          nicolae_vaults_network_quincunx_subvault,
          nicolae_vaults_network_quincunx_subvault,
          nicolae_vaults_network_quincunx_subvault],
          nicolae_vaults_disjoint_gnomons,
          nicolae_vaults_windows_and_doors_thing, kb_rosetta,
          nicolae_vaults_asterisk, hangedman_vaults_trim,
          vaults_room_stairs_pillars, nicolae_vaults_wrenched,
          vaults_mumra_hexcomb, nicolae_vaults_shelves_hall,
          vaults_room_ringed_pool, layout_vaults_big_cross
Vaults:2: biasface_ghost_orc_armoury, vaults_room_fancy_cross,
          minmay_crypt_entry_simple_sparse, nicolae_vaults_trapezoid_2,
          nicolae_vaults_diffraction_hallways, nicolae_vaults_double_plus_1,
          nicolae_vaults_meiosis, nicolae_vaults_trapezoid_1,
          nicolae_vaults_tetromino_T_1, layout_vaults_omnigrid, uniq_sojobo
Vaults:3: nicolae_vaults_storage_closets_2, vaults_room_stairs_pillars,
          ontoclasm_vaults_claustrophobia, v_misc_8,
          nicolae_vaults_trapezoid_layered, nicolae_vaults_shock_wave,
          nicolae_vaults_layer_cake_slice, dpeg_vaults_monster_row, v_rooms_3,
          nicolae_vaults_border_crossing, v_misc_4,
          nicolae_vaults_oval_intersection, nicolae_vaults_closet_pinwheel_1,
          layout_vaults_maze, serial_shops, nicolae_shop_bloodbath_and_beyond,
          shop
Vaults:4: nicolae_vaults_big_ls, nicolae_vaults_diamond_2,
          ontoclasm_vaults_gateway, v_misc_3, nicolae_vaults_surprise_closet,
          nicolae_vaults_spaceships, vaults_room_pools, v_misc_18,
          ontoclasm_vaults_decontamination, hangedman_vaults_stagger,
          serial_library_hellmonk_semicircle, ontoclasm_vaults_ligature,
          nicolae_vaults_specimen_jars, serial_library_hellmonk_open_cross,
          nicolae_vaults_trapezoid_lopsided_4, layout_vaults_omnibox,
          nicolae_trove_entry_path_of_doom
Vaults:5
Crypt:1:  layout_catacombs, lemuel_upstairs_altar, uniq_margery
Crypt:2:  layout_gridlike, minivault_4, nicolae_crypt_tutankhamun
Crypt:3:  grunt_crypt_end_deaths_head
Depths:1: layout_cave_pools, enter_ziggurat_a, abyss_entry_small_statue_room,
          pf_hell_entry_great_geh, pan_entry, minmay_misc_feat_tower,
          serial_bayou_pond_a, uniq_norris
Depths:2: minmay_the_grid_octo_triangle [minmay_the_grid_octo_teeth,
          minmay_the_grid_octo_prize_square_snowflake,
          minmay_the_grid_octo_tetromino_candy], layout_honeycomb,
          nicolae_sextant, hell_entry, abyss_entry, serial_shops,
          nicolae_shop_gaudy_bauble, rand_demon_pan_entry_4, uniq_josephina
Depths:3: minmay_bloctagon, layout_twisted_cross,
          nicolae_abyss_entry_one_way_or_another, minmay_misc_feat_rugged,
          grunt_hell_entry_dis_grunt
Depths:4: grunt_crosshair, layout_gridlike, abyss_entry, hell_entry,
          minmay_statues_item, grunt_dithmenos_smoke_and_mirrors
Zot:1:    dreamdust_zin_vs_xom, layout_concentric_octagons,
          regret_index_zotdec_banners
Zot:2:    kennysheep_spiral_hall, layout_twisted_circle,
          hangedman_player_shredder
Zot:3:    layout_onion, regret_index_zotdec_tunneler,
          hangedman_elemental_grid_stream
Zot:4:    regret_index_qazlal_generations, layout_twisted_circle,
          st_small_dragon_hoard_4
Zot:5:    layout_gridlike, regret_index_zotdec_onion_hex,
          lemuel_baited_zot_trap, grunt_ministairs_13

Skill      XL: |  1  2  3  4  5  6  7  8  9 10 11 12 13 14 15 16 17 18 19 20 21 22 23 24 25 26 27 |
---------------+----------------------------------------------------------------------------------+-----
Fighting       | 1 2 3 4 5 7 9 11 12 14 15 17 18 20 25 | 25.4
Spellcasting   | 3 4 5 6 8 10 11 12 14 16 18 20 | 20.0
Summonings     | 4 5 6 7 9 10 11 12 14 15 16 17 19 20 21 22 23 24 | 24.0
Polearms       | 1 2 3 5 7 9 10 | 10.0
Air Magic      | 1 2 4 |  4.0
Fire Magic     | 2 3 |  3.0
Invocations    | 4 7 10 12 18 21 22 26 27 | 27.0
Conjurations   | 3 6 9 10 | 10.0
Shields        | 5 6 15 | 15.0
Translocations | 2 7 8 |  8.0
Dodging        | 3 5 6 9 10 15 | 15.0
Armour         | 2 5 6 9 10 15 | 15.0
Earth Magic    | 5 |  5.0
Evocations     | 8 10 | 10.0
Stealth        | |  1.4

Action                     |  1- 3 |  4- 6 |  7- 9 | 10-12 | 13-15 | 16-18 | 19-21 | 22-24 | 25-27 || total
---------------------------+-------+-------+-------+-------+-------+-------+-------+-------+-------++-------
  Melee: Short sword       |    60 |     9 |       |       |       |       |       |       |       ||    69
         Unarmed           |     6 |       |       |       |       |       |       |       |       ||     6
         Headbutt          |     7 |    15 |    38 |    50 |    79 |    60 |    21 |    16 |    49 ||   335
         Spear             |       |   143 |   196 |    48 |       |       |       |       |       ||   387
         Punch             |       |       |     1 |     1 |       |       |       |       |       ||     2
         Bardiche          |       |       |       |   184 |   505 |   125 |       |       |       ||   814
         Staff             |       |       |       |       |       |    93 |    62 |    31 |    96 ||   282
  Throw: Throwing net      |       |       |     1 |       |       |     1 |     4 |       |       ||     6
         Dart              |       |       |       |     4 |       |     8 |     2 |       |     1 ||    15
   Cast: Summon Small Mamm |    32 |    21 |    32 |    45 |    59 |       |       |       |       ||   189
         Call Imp          |    16 |    18 |    22 |    28 |    35 |       |       |       |       ||   119
         Call Canine Famil |     1 |    11 |    22 |    22 |    38 |    10 |     2 |       |       ||   106
         Summon Lightning  |       |       |    10 |    51 |   128 |   105 |    53 |       |     2 ||   349
         Summon Blazeheart |       |       |       |     4 |    10 |     4 |       |       |       ||    18
         Blink             |       |       |       |       |     1 |       |     2 |       |       ||     3
         Summon Cactus Gia |       |       |       |       |    18 |   102 |   169 |   155 |    51 ||   495
         Summon Hydra      |       |       |       |       |    10 |   180 |    98 |     6 |    10 ||   304
         Summon Forest     |       |       |       |       |       |    29 |    35 |    17 |    13 ||    94
         Spellforged Servi |       |       |       |       |       |     1 |    19 |   137 |   154 ||   311
         Martyr's Knell    |       |       |       |       |       |       |    85 |   127 |    38 ||   250
         Summon Mana Viper |       |       |       |       |       |       |    47 |   133 |    97 ||   277
         Malign Gateway    |       |       |       |       |       |       |    20 |    54 |    40 ||   114
         Dragon's Call     |       |       |       |       |       |       |       |     1 |    82 ||    83
         Polar Vortex      |       |       |       |       |       |       |       |     1 |     1 ||     2
 Invoke: Forget Spell      |       |       |       |       |     1 |       |     2 |       |       ||     3
         Channel Magic     |       |       |       |       |       |     3 |     2 |     1 |    10 ||    16
         Divine Exegesis   |       |       |       |       |       |       |       |     1 |     1 ||     2
  Evoke: Wand              |       |       |       |     5 |     3 |    20 |     9 |       |    42 ||    79
         Tin of tremorston |       |       |       |       |       |     1 |     1 |       |       ||     2
         Phantom mirror    |       |       |       |       |       |       |     1 |       |     5 ||     6
         Lightning rod     |       |       |       |       |       |       |       |       |     6 ||     6
         Box of beasts     |       |       |       |       |       |       |       |       |     3 ||     3
         Phial of floods   |       |       |       |       |       |       |       |       |     1 ||     1
    Use: Scroll            |       |     5 |     4 |    19 |     9 |    12 |     9 |    14 |    22 ||    94
         Potion            |       |       |     2 |       |     3 |    14 |    11 |     4 |    35 ||    69
   Stab: Sleeping          |       |     3 |     3 |     9 |     4 |     1 |       |       |       ||    20
         Distracted        |       |     1 |     2 |     4 |    17 |     7 |     1 |       |       ||    32
 Armour: Robe              |    53 |    62 |   109 |   204 |   504 |   501 |   399 |   112 |       ||  1944
         Troll leather arm |       |       |       |       |       |       |       |   260 |   737 ||   997
  Dodge: Dodged            |    41 |    75 |   133 |   173 |   395 |   281 |   186 |   152 |   324 ||  1760
  Block: Kite shield       |       |       |       |       |       |   175 |   207 |   160 |   436 ||   978
